 Dungeon Crawl Stone Soup version 0.24-a0-282-g1a68c91 (webtiles) character file.

Game seed: 13668634041967291442

337 Ijustatesigmund the Cudgeler (level 6, 0/44 HPs)
             Began as an Octopode Fighter on May 3, 2019.
             Slain by Grinder (4 damage)
             ... while paralysed by Grinder
             ... on level 4 of the Dungeon.
             The game lasted 00:04:21 (2933 turns).

Ijustatesigmund the Cudgeler (Octopode Fighter)     Turns: 2933, Time: 00:04:22

Health: 0/44       AC:  1    Str: 21    XL:     6   Next: 54%
Magic:  6/6        EV:  2    Int: 10    God:
Gold:   195        SH:  0    Dex: 13    Spells: 5/5 levels left

rFire    . . .     SeeInvis .   m - -1 war axe (curse)
rCold    . . .     Gourm    .   b - +0 shield
rNeg     . . .     Faith    .   (helmet restricted)
rPois    .         Spirit   .   k - amulet of regeneration
rElec    .         Reflect  .   (no ring)
rCorr    .         Harm     .   (no ring)
MR       .....                  (no ring)
Stlth    ++........             (no ring)
HPRegen  0.54/turn              (no ring)
MPRegen  0.10/turn              (no ring)
                                (no ring)
                                (no ring)

@: paralysed, mighty
A: almost no armour, stealthy swim, amphibious, 8 rings, constrict 8, camouflage
1, gelatinous body 1
a: no special abilities


You were on level 4 of the Dungeon.
You were hungry.

You visited 1 branch of the dungeon, and saw 4 of its levels.

You collected 195 gold pieces.

Inventory:

Hand Weapons
 a - a +0 flail
 m - a cursed -1 war axe (weapon)
Armour
 b - a +0 shield (worn)
Jewellery
 k - an amulet of regeneration (around mantle)
 l - an uncursed ring of wizardry
 n - a +2 ring of evasion {unknown}
Wands
 j - a wand of digging (4)
Scrolls
 o - a scroll of immolation
Potions
 e - a potion of brilliance {unknown}
 f - a potion of heal wounds {unknown}
 g - a potion of cancellation {unknown}
 h - a potion of invisibility
 i - a potion of mutation {unknown}
Comestibles
 d - 6 rations


   Skills:
 + Level 4.7 Fighting
 * Level 5.6 Maces & Flails
 - Level 3.0 Dodging
 - Level 3.0 Shields


You had 5 spell levels left.
You didn't know any spells.
Your spell library was empty.

Dungeon Overview and Level Annotations

Branches:
Dungeon (4/15)
 Temple: D:4-7

Altars:
Fedhas
Wu Jian

Annotations:
D:3 3 runed translucent doors, nikopol's ghost, amateur DEFE
D:4 Grinder


Innate Abilities, Weirdness & Mutations

You cannot wear most types of armour.
You are very stealthy in the water. (Stealth+)
You are amphibious.
You can wear up to eight rings at the same time.
You can use your tentacles to constrict eight enemies at once.
Your skin changes colour to match your surroundings (Stealth+).
Your rubbery body absorbs attacks. (AC +1, EV +1)


Message History

Grinder is moderately wounded.
You constrict Grinder. Grinder hits you!
You hit Grinder.
Grinder is heavily wounded.
You constrict Grinder. You block Grinder's attack.
You hit Grinder.
Grinder is severely wounded.
You constrict Grinder! Grinder gestures at you.
You suddenly lose the ability to move!
You lose your grip on Grinder.
Grinder hits you!
You writhe in agony.
Grinder hits you.
You writhe in agony.
* * * LOW HITPOINT WARNING * * *
Grinder says, "I used to sell toenails on the black market."
Grinder hits you.
* * * LOW HITPOINT WARNING * * *
You writhe in agony.
* * * LOW HITPOINT WARNING * * *
Grinder hits you.
You die...

#.##....................#
#.##..†...######.##.##.##
#.##..##### #.##.##.#
#.##..# #.##.##.#
#.##..##### #.##.##.#
#.##......######.##.##.#
#.##..###...........##.#
#.##..#
..#####.#####.#####
#.##..###..# #@# #..<..#
#..........# #5#
#######[######
####..###.... ...
.............. #
#.........
...#########.######
#..############ #.######
#..# #....... #..#
######## ...# ##.#####
#..# #.......


You could see Grinder.

Vanquished Creatures
  A scorpion (D:4)
  2 orc priests (D:4)
  An orc wizard (D:4)
  2 worker ants (D:4)
  6 adders
  4 worms
  4 dart slugs
  5 orcs (D:4)
  7 bats
  2 giant cockroaches (D:3)
  5 goblins
  11 hobgoblins
  7 jackals (D:1)
  2 quokkas
  2 ball pythons (D:2)
  6 frilled lizards
  10 kobolds
  7 rats
84 creatures vanquished.

Notes
Turn   | Place    | Note
-------+----------+-------------------------------------------
     0 | D:1      | Ijustatesigmund the Octopode Fighter began the quest for
                  | the Orb.
     0 | D:1      | Reached XP level 1. HP: 16/16 MP: 1/1
   357 | D:1      | Reached XP level 2. HP: 17/21 MP: 2/2
   670 | D:1      | Reached skill level 3 in Maces & Flails
   672 | D:1      | Reached XP level 3. HP: 19/26 MP: 3/3
  1097 | D:2      | Reached XP level 4. HP: 32/33 MP: 4/4
  1123 | D:2      | Found a faded altar of an unknown god.
  1405 | D:2      | Reached skill level 4 in Maces & Flails
  1662 | D:3      | Found a runed translucent gate.
  1662 | D:3      | Found a runed translucent gate.
  1673 | D:3      | Found a runed translucent gate.
  1705 | D:3      | Noticed nikopol's ghost (amateur DEFE)
  1801 | D:3      | Reached XP level 5. HP: 33/37 MP: 5/5
  2246 | D:3      | Found an ornate altar of the Wu Jian Council.
  2253 | D:3      | Found a blossoming altar of Fedhas.
  2522 | D:4      | Reached skill level 5 in Maces & Flails
  2522 | D:4      | Reached XP level 6. HP: 31/44 MP: 6/6
  2923 | D:4      | Noticed Grinder
  2930 | D:4      | Paralysed by Grinder for 7 turns
  2933 | D:4      | Slain by Grinder

Levels and vault maps discovered:
D:1:      dpeg_arrival_boxorama, layout_loops_ring
D:2:      layout_basic, chequers_ecumenical_altar_simple
D:3:      layout_loops_corners, minitemple, gammafunk_ghost_icy
D:4:      layout_loops_ring, first_ration, st_stairs_13, uniq_blork_the_orc,
          uniq_grinder

Skill      XL: |  1  2  3  4  5 |
---------------+----------------+-----
Maces & Flails | 3 4 5 |  5.6
Fighting       | 4 |  4.7
Dodging        | |  3.0
Shields        | |  3.0

Action                   |  1- 3 |  4- 6 || total
-------------------------+-------+-------++-------
Melee: Flail             |    54 |    56 ||   110
       Constrict         |    19 |    34 ||    53
       Tentacles         |     7 |    23 ||    30
       War axe           |       |    55 ||    55
  Use: Scroll            |       |     2 ||     2
       Potion            |       |     1 ||     1
 Stab: Sleeping          |     4 |     7 ||    11
       Distracted        |     1 |       ||     1
  Eat: Chunk             |       |     6 ||     6
Armor: Skin              |     4 |     6 ||    10
Dodge: Dodged            |    12 |    38 ||    50
Block: Shield            |    21 |    40 ||    61

Table legend:
 A = Non-vault XP
 B = Vault XP
 C = Vault XP percentage of total XP
 D = Non-vault monster count
 E = Vault monster count
 F = Vault count percentage of total count
                 A         B        C        D         E       F
            +---------+---------+-------+---------+---------+-------
      Total |     482 |       0 |   0.0 |      84 |       0 |   0.0
            +---------+---------+-------+---------+---------+-------
        D:1 |      38 |       0 |   0.0 |      19 |       0 |   0.0
        D:2 |      93 |       0 |   0.0 |      32 |       0 |   0.0
        D:3 |      51 |       0 |   0.0 |      19 |       0 |   0.0
        D:4 |     300 |       0 |   0.0 |      14 |       0 |   0.0
            +---------+---------+-------+---------+---------+-------
